 Dungeon Crawl Stone Soup version 0.24-a0-415-g6d73c25 (webtiles) character file.

Game seed: 6235284855774987961

252 Spazmo the Magician (level 5, -2/28 HPs)
             Began as a Deep Elf Fire Elementalist on June 7, 2019.
             Was an Initiate of Vehumet.
             Shot with an arrow by a centaur (4 damage)
             ... on level 4 of the Dungeon.
             The game lasted 00:07:54 (2840 turns).

Spazmo the Magician (Deep Elf Fire Elementalist)    Turns: 2840, Time: 00:07:55

Health: -2/28      AC:  4    Str:  5    XL:     5   Next: 89%
Magic:  8/14       EV: 13    Int: 21    God:    Vehumet [......]
Gold:   166        SH:  0    Dex: 15    Spells: 4/14 levels left

rFire    + . .     SeeInvis .   i - +1 dagger
rCold    + . .     Gourm    .   (no shield)
rNeg     . . .     Faith    .   a - +0 robe
rPois    .         Spirit   .   f - +0 helmet
rElec    .         Reflect  .   d - scarf {rC+ rF+}
rCorr    .         Harm     .   q - +0 pair of gloves
MR       .....                  (no boots)
Stlth    ++........             (no amulet)
HPRegen  0.09/turn              (no ring)
MPRegen  0.14/turn              (no ring)

@: no status effects
A: no striking features
a: Renounce Religion


You were on level 4 of the Dungeon.
You worshipped Vehumet.
Vehumet was noncommittal.
You were not hungry.

You visited 1 branch of the dungeon, and saw 4 of its levels.

You collected 166 gold pieces.

Inventory:

Hand Weapons
 i - a +1 dagger (weapon)
Missiles
 b - 250 stones (quivered)
Armour
 a - a +0 robe (worn)
 d - a scarf of resistance (worn)
 f - a +0 helmet (worn)
 q - a +0 pair of gloves (worn)
Scrolls
 e - a scroll of enchant weapon
 g - 3 scrolls of remove curse
 l - 2 scrolls of identify
 n - a scroll of teleportation
 o - a scroll of fear
 t - a scroll of immolation {unknown}
Potions
 c - a potion of lignification {unknown}
 h - a potion of degeneration {unknown}
 j - a potion of agility
 k - a potion of heal wounds {unknown}
 m - a potion of flight
 p - a potion of curing {unknown}
Comestibles
 r - 4 chunks of flesh
 s - 2 rations


   Skills:
 - Level 2.4 Dodging
 - Level 2.4 Stealth
 + Level 5.3 Spellcasting
 + Level 3.7 Conjurations
 + Level 5.0 Fire Magic


You had 4 spell levels left.
You knew the following spells:

 Your Spells              Type           Power        Failure   Level  Hunger
a - Flame Tongue          Conj/Fire      ###..        1%          1    None
b - Throw Flame           Conj/Fire      ###...       2%          2    None
c - Conjure Flame         Conj/Fire      ###.....     5%          3    ##.....
d - Sticky Flame          Conj/Fire      ###.....     17%         4    ####...

Your spell library contained the following spells:

 Spells                   Type           Power        Failure   Level  Hunger
 Beastly Appendage        Tmut           #.....       11%         1    None
 Inner Flame              Hex/Fire       ###.....     11%         3    ##.....
 Sticks to Snakes         Tmut           #.......     16%         2    None
 Spider Form              Tmut/Pois      #.........   30%         3    ##.....
 Ice Form                 Ice/Tmut       #.......     71%         4    ####...
 Fireball                 Conj/Fire      ###.......   43%         5    #####..
 Blade Hands              Tmut           #.........   96%         5    #####..


Dungeon Overview and Level Annotations

Branches:
Dungeon (4/15)
 Temple: D:4-7

Altars:
Fedhas
Okawaru
Vehumet
Wu Jian


Message History

The arrow freezes you.
* * * LOW HITPOINT WARNING * * *
The centaur shoots an arrow.
The arrow closely misses you.
The centaur shoots an arrow.
The arrow hits you.
* * * LOW HITPOINT WARNING * * *
The centaur shoots an arrow.
The arrow barely misses you.
You see here an arrow.
Casting: Throw Flame (safe; 2% risk of failure)
Confirm with . or Enter, or press ? or * to list all spells.
You can't see any susceptible monsters within range! (Use Z to cast anyway.)
Casting: Throw Flame (safe; 2% risk of failure)
Confirm with . or Enter, or press ? or * to list all spells.
Aiming: Flame Tongue (safe; 1% risk of failure)
Press: ? - help, Shift-Dir - straight line, f/p - centaur
Aim: a centaur, wielding a +1 shortbow of freezing (moderately wounded)
The flame tongue hits the centaur!
The centaur is almost dead.
The centaur shoots an arrow.
The arrow misses you.
The centaur shoots an arrow.
The arrow hits you.
You die...

......<(.......#.#...#...........
.................##.##..........#
......##.............#..........#
.......##.....##.....#..........#
.................................
...................c.............
..#..#.............>..#>........#
..##.#.................#........#
..#.....#.......@.....##.........
...............(.......#.........
.........##..(...................
.............(........###........
.......#...###.....##............
##..........##......#.....##.....
..........####............ #....#
..........###...........####....#
...........##........##..##......


You could see a centaur.

Vanquished Creatures
  A phantom (D:4)
  A hound (D:4)
  A worker ant (D:4)
  3 adders
  An ooze (D:1)
  An adder skeleton (D:4)
  2 worms
  4 dart slugs (D:1)
  3 orcs (D:4)
  5 giant cockroaches
  5 goblins
  5 hobgoblins
  3 jackals (D:3)
  3 quokkas
  A ball python (D:3)
  5 bats
  4 frilled lizards
  A jackal skeleton (D:4)
  5 kobolds
  10 rats
64 creatures vanquished.

Notes
Turn   | Place    | Note
-------+----------+-------------------------------------------
     0 | D:1      | Spazmo the Deep Elf Fire Elementalist began the quest for
                  | the Orb.
     0 | D:1      | Reached XP level 1. HP: 10/10 MP: 6/6
   161 | D:1      | Reached XP level 2. HP: 15/15 MP: 0/8
   169 | D:1      | Learned a level 2 spell: Throw Flame
   443 | D:1      | Reached XP level 3. HP: 16/19 MP: 8/10
   448 | D:1      | Learned a level 3 spell: Conjure Flame
  1248 | D:2      | Found a blossoming altar of Fedhas.
  1254 | D:2      | Found an ornate altar of the Wu Jian Council.
  1263 | D:2      | Found a radiant altar of Vehumet.
  1328 | D:2      | Became a worshipper of Vehumet
  1586 | D:2      | Reached XP level 4. HP: 24/24 MP: 8/12
  1592 | D:2      | Learned a level 4 spell: Sticky Flame
  2364 | D:4      | Noticed a phantom
  2395 | D:4      | Killed a phantom
  2395 | D:4      | Reached skill level 5 in Spellcasting
  2395 | D:4      | Reached XP level 5. HP: 13/28 MP: 0/14
  2405 | D:4      | Noticed a centaur
  2633 | D:4      | Reached skill level 5 in Fire Magic
  2776 | D:4      | Found an iron altar of Okawaru.
  2840 | D:4      | Shot with an arrow by a centaur

Levels and vault maps discovered:
D:1:      dpeg_arrival_lava_temple_mockup, layout_loops_ring
D:2:      layout_basic, minitemple, minmay_curled_crystal
D:3:      layout_loops_ring, st_stairs_1, serial_bayou_pond_a,
          saegor_snake_ambush
D:4:      layout_cave_pools, nicolae_overflow_hidden_temple, first_ration

Skill      XL: |  1  2  3  4  5 |
---------------+----------------+-----
Conjurations   | 2 3 |  3.7
Spellcasting   | 4 5 |  5.3
Fire Magic     | 4 5 |  5.0
Dodging        | |  2.4
Stealth        | |  2.4

Action                   |  1- 3 |  4- 6 || total
-------------------------+-------+-------++-------
Melee: Unarmed           |     1 |       ||     1
       Dagger            |       |     2 ||     2
Throw: Stone             |     3 |     2 ||     5
 Cast: Flame Tongue      |    59 |    64 ||   123
       Throw Flame       |    10 |     6 ||    16
  Use: Scroll            |     5 |     1 ||     6
       Potion            |       |     1 ||     1
  Eat: Chunk             |     2 |     2 ||     4
       Ration            |       |     1 ||     1
Armor: Robe              |     4 |     3 ||     7
Dodge: Dodged            |    10 |    18 ||    28

Table legend:
 A = Non-vault XP
 B = Vault XP
 C = Vault XP percentage of total XP
 D = Non-vault monster count
 E = Vault monster count
 F = Vault count percentage of total count
                 A         B        C        D         E       F
            +---------+---------+-------+---------+---------+-------
      Total |     344 |      17 |   4.7 |      60 |       4 |   6.2
            +---------+---------+-------+---------+---------+-------
        D:1 |      47 |       0 |   0.0 |      21 |       0 |   0.0
        D:2 |      52 |       0 |   0.0 |      17 |       0 |   0.0
        D:3 |      27 |      17 |  38.6 |      14 |       4 |  22.2
        D:4 |     218 |       0 |   0.0 |       8 |       0 |   0.0
            +---------+---------+-------+---------+---------+-------
